 Dungeon Crawl Stone Soup version 0.28.0-53-g5a82cb258f (webtiles) character file.

Game seed: 12407058401818240412

310 Peloso the Covered (level 6, -1/53 HPs)
             Began as a Minotaur Fighter on Aug 7, 2022.
             Slain by an orc wizard
             ... wielding a +1 dagger of venom
              (3 damage)
             ... on level 4 of the Dungeon.
             The game lasted 00:04:49 (3872 turns).

Peloso the Covered (Minotaur Fighter)               Turns: 3872, Time: 00:04:50

Health: -1/53      AC: 15    Str: 21    XL:     6   Next: 17%
Magic:  5/5        EV:  7    Int:  5    God:
Gold:   136        SH:  0    Dex: 11    Spells: 5/5 levels left

rFire   + . .      SeeInvis .   a - +0 long sword
rCold   . . .      Faith    .   c - +0 buckler
rNeg    . . .      Spirit   .   o - +5 chain mail of Tuddyl {rF+}
rPois   .          Reflect  .   (helmet restricted)
rElec   .          Harm     .   n - scarf {+Inv}
rCorr   .          Rampage  .   (no gloves)
Will    .....                   (no boots)
Stlth   ..........              (no amulet)
HPRegen 0.17/turn               (no ring)
MPRegen 0.09/turn               (no ring)

@: confused, lethally poisoned (-1 -> -13)
A: horns 2, retaliatory headbutt, evolution 1, inability to read while
threatened
a: Evoke Invisibility


You were on level 4 of the Dungeon.
You visited 2 branches of the dungeon, and saw 5 of its levels.

You collected 136 gold pieces.

Inventory:

Hand Weapons
 a - a +0 long sword (weapon)
Armour
 b - a +0 scale mail
 c - a +0 buckler (worn)
 n - a scarf of invisibility (worn)
 o - the +5 chain mail of Tuddyl (worn) {rF+}
   (You found it on level 3 of the Dungeon)

   rF:        It protects you from fire.
Scrolls
 h - 2 scrolls of enchant armour {unknown}
 i - a scroll of holy word {unknown}
 j - a scroll of amnesia {unknown}
 k - a scroll of noise {unknown}
 m - a scroll of fog {unknown}
Potions
 d - a potion of might
 f - 2 potions of ambrosia
 g - a potion of flight
 l - a potion of cancellation


   Skills:
 + Level 4.6 Fighting
 + Level 5.0 Long Blades
 + Level 5.6 Armour
 + Level 0.9 Dodging
 + Level 0.3 Stealth
 + Level 4.4 Shields


You had 5 spell levels left.
You didn't know any spells.
Your spell library contained the following spells:

 Spells                   Type           Power      Damage    Failure   Level
 Magic Dart               Conj           0%         1d3       99%         1
 Sandblast                Erth           0%         2d4       99%         1
 Shock                    Conj/Air       0%         1d3       99%         1
 Slow                     Hex            0%         N/A       99%         1
 Summon Small Mammal      Summ           0%         N/A       99%         1
 Call Imp                 Summ           0%         N/A       100%        2
 Passwall                 Tmut/Erth      0%         N/A       100%        2
 Scorch                   Fire           0%         2d5       100%        2
 Call Canine Familiar     Summ           0%         N/A       100%        3
 Confusing Touch          Hex            0%         N/A       100%        3
 Mephitic Cloud           Conj/Pois/Air  0%         N/A       100%        3
 Stone Arrow              Conj/Erth      0%         3d7       100%        3
 Summon Guardian Golem    Hex/Summ       0%         N/A       100%        3
 Swiftness                Air            0%         N/A       100%        3
 Vampiric Draining        Necr           0%         2d6       100%        3
 Airstrike                Air            0%         N/A       100%        4
 Flame Wave               Conj/Fire      0%         2d4       100%        4
 Summon Cactus Giant      Summ           0%         N/A       100%        6


Dungeon Overview and Level Annotations

Branches:
Dungeon (4/15)             Temple (1/1) D:4

Altars:
Ashenzari
Cheibriados
Elyvilon
Fedhas
Hepliaklqana
Kikubaaqudgha
Makhleb
Nemelex Xobeh
Qazlal
Sif Muna
Trog
Uskayaw
Wu Jian
Xom
Yredelemnul
Zin
The Shining One


Innate Abilities, Weirdness & Mutations

You have a pair of horns on your head.
You reflexively headbutt those who attack you in melee.
You have hidden genetic potential.
You sometimes lose the ability to read scrolls when taking damage.


Message History

You are lethally poisoned!
You hear some strange, mumbled words.
A puff of flame appears from out of thin air!
You block the puff of flame.
It was a potion of mutation.
You feel extremely strange.
You feel a hidden potential growing inside you.
You lose the ability to read scrolls when threatened.
You feel very sick. Something hits you but does no damage.
You are more poisoned.
You are confused.
You feel invigorated.
You feel very sick.
You hear some strange, mumbled words.
You are more confused.
You miss something.
You feel extremely sick. Something hits you but does no damage.
You bump into the rock wall.
You feel less invigorated.
You feel very sick.
You hear some strange, mumbled words.
A magic dart appears from out of thin air!
The magic dart hits you but does no damage.
You bump into the rock wall.
* * * LOW HITPOINT WARNING * * *
You feel very sick. Something hits you.
* * * LOW HITPOINT WARNING * * *
You are more poisoned.
You're too confused to move!
* * * LOW HITPOINT WARNING * * *
You feel very sick.
You hear some strange, mumbled words.
A puff of flame appears from out of thin air!
The puff of flame hits you but does no damage.
You bump into the rock wall.
* * * LOW HITPOINT WARNING * * *
You feel very sick. Something hits you.
You die...

.........# #....
.........## #....
..........# #...#
..........# #....
..........# #....
######.#รท.# #..##
#.#..#.#.... ######
#.#..#.##.#.
#{@..###.#..#.##.#.
....oo###.#......#.##.#.
..... #...#...##.##.#.
.... ##...#...##.##.#.
### ##...###.....##.#.
#.......)[..###.#.
#...#.....#........
#.###..>..###...... ...
#.(...#......#.


You could see 2 orcs.

Vanquished Creatures
  A scorpion (D:4)
  A water moccasin skeleton (D:4)
  A hound (D:4)
  Natasha (twice) (D:2)
  3 adders (D:2)
  An ufetubus (D:4)
  A worm (D:4)
  2 dart slugs
  18 orcs
  6 ball pythons
  A giant cockroach (D:4)
  4 goblins
  3 hobgoblins
  3 jackals (D:1)
  7 kobolds
  2 quokkas
  8 bats
  A frilled lizard (D:2)
  3 rats (D:1)
68 creatures vanquished.

Notes
Turn   | Place    | Note
-------+----------+-------------------------------------------
     0 | D:1      | Peloso the Minotaur Fighter began the quest for the Orb.
     0 | D:1      | Reached XP level 1. HP: 19/19 MP: 0/0
   224 | D:1      | Reached XP level 2. HP: 22/27 MP: 1/1
  1121 | D:2      | Reached XP level 3. HP: 28/33 MP: 2/2
  1551 | D:2      | Noticed Natasha
  1559 | D:2      | Killed Natasha
  1560 | D:2      | Reached XP level 4. HP: 22/40 MP: 3/3
  1944 | D:2      | Noticed Natasha
  1953 | D:2      | Killed Natasha
  2433 | D:3      | Reached XP level 5. HP: 47/47 MP: 4/4
  2514 | D:3      | Identified the +5 chain mail of Tuddyl {rF+}
  3005 | D:4      | Reached skill level 5 in Armour
  3012 | D:4      | Found a staircase to the Ecumenical Temple.
  3071 | D:4      | Reached skill level 5 in Long Blades
  3071 | D:4      | Reached XP level 6. HP: 13/53 MP: 5/5
  3074 | Temple   | Entered the Ecumenical Temple
  3575 | D:4      | Found a hide-covered altar of Uskayaw.
  3866 | D:4      | Gained mutation: You have hidden genetic potential. [potion
                  | of mutation]
  3866 | D:4      | Gained mutation: You sometimes lose the ability to read
                  | scrolls when taking damage. [potion of mutation]
  3872 | D:4      | HP: 2/53 [poisoned by an orc wizard]
  3872 | D:4      | Slain by an orc wizard

Illustrated notes

Levels and vault maps discovered:
D:1:      dpeg_arrival_subterranean_lakeside_camping, layout_basic,
          glass_columns_a, st_stairs_2
D:2:      layout_loops_ring, uniq_natasha
D:3:      layout_loops_ring
D:4:      old_forge, layout_basic, marbit_many_paths, minmay_temple_entry_tees
Temple:   eino_temple_scatter_basement

Skill      XL: |  1  2  3  4  5 |
---------------+----------------+-----
Shields        | 4 |  4.4
Fighting       | 4 |  4.6
Armour         | 4 5 |  5.6
Long Blades    | 3 4 5 |  5.0
Dodging        | |  0.9
Stealth        | |  0.3

Action                   |  1- 3 |  4- 6 || total
-------------------------+-------+-------++-------
Melee: Long sword        |    81 |   122 ||   203
       Headbutt          |    12 |    21 ||    33
  Use: Scroll            |       |     3 ||     3
       Potion            |       |     2 ||     2
Armor: Scale mail        |    43 |    22 ||    65
       Chain mail        |       |    65 ||    65
Dodge: Dodged            |    43 |    48 ||    91
Block: Buckler           |    18 |    23 ||    41
